 Dungeon Crawl Stone Soup version 0.28.0-53-g5a82cb258f (webtiles) character file.

Game seed: 15679249015777771982

67 ChickenMitten the Chucker (level 4, -1/48 HPs)
             Began as an Ogre Hunter on Aug 6, 2022.
             Was a Follower of Sif Muna.
             Slain by a gnoll
             ... wielding a +0 whip
              (5 damage)
             ... on level 2 of the Dungeon.
             The game lasted 00:03:40 (1270 turns).

ChickenMitten the Chucker (Ogre Hunter)             Turns: 1270, Time: 00:03:42

Health: -1/48      AC:  3    Str: 24    XL:     4   Next: 18%
Magic:  6/6        EV:  9    Int: 12    God:    Sif Muna [*.....]
Gold:   87         SH:  0    Dex:  9    Spells: 5/6 levels left

rFire   . . .      SeeInvis .   f - +2 dagger (venom)
rCold   . . .      Faith    .   (no shield)
rNeg    . . .      Spirit   .   b - +0 robe
rPois   +          Reflect  .   (helmet restricted)
rElec   .          Harm     .   (no cloak)
rCorr   .          Rampage  .   (gloves unavailable)
Will    .....                   (boots unavailable)
Stlth   +.........              (no amulet)
HPRegen 0.16/turn               g - +6 ring of strength
MPRegen 0.10/turn               k - ring of poison resistance

@: no status effects
A: large, unfitting armour, tough skin 1
a: Renounce Religion, Channel Magic


You were on level 2 of the Dungeon.
You worshipped Sif Muna.
Sif Muna was aware of your devotion.
You visited 1 branch of the dungeon, and saw 2 of its levels.

You collected 87 gold pieces.

Inventory:

Hand Weapons
 a - a +0 short sword
 f - a +2 dagger of venom (weapon)
Missiles
 d - 2 throwing nets (quivered)
Armour
 b - a +0 robe (worn)
Jewellery
 g - a +6 ring of strength (left hand)
 k - a ring of poison resistance (right hand)
Scrolls
 e - 2 scrolls of identify {unknown}
 h - a scroll of enchant armour {unknown}
Potions
 i - a potion of curing {unknown}
 j - a potion of lignification {unknown}


   Skills:
 * Level 3.7 Fighting
 - Level 4.4 Throwing
 - Level 1.7 Dodging
 - Level 0.6 Stealth
 * Level 1.6 Spellcasting
 * Level 1.3 Summonings


You had 5 spell levels left.
You knew the following spells:

 Your Spells              Type           Power      Damage    Failure   Level
a - Summon Small Mammal   Summ           16%        N/A       17%         1

Your spell library contained the following spells:

 Spells                   Type           Power      Damage    Failure   Level
 Call Canine Familiar     Summ           4%         N/A       45%         3
 Summon Guardian Golem    Hex/Summ       2%         N/A       54%         3


Dungeon Overview and Level Annotations

Branches:
Dungeon (2/15)

Altars:
Sif Muna
Xom


Innate Abilities, Weirdness & Mutations

You are too large for most types of armour.
You have tough skin. (AC +1)


Message History

The gnoll hits you with a +0 whip. The gnoll barely misses you.
The gnoll hits you with a +0 whip.
Throw: 4 large rocks
Press: ? - help, Q - select action, (/) - cycle Shift-Dir - straight line, f/p - gnoll
Aim: a gnoll, wielding a +0 spear (61% to hit)
You throw a large rock.
The large rock hits the gnoll but does no damage.
A quokka comes into view.
The gnoll barely misses you.
The gnoll hits you from afar with a +0 halberd!
Throw: 3 large rocks
Press: ? - help, Q - select action, (/) - cycle Shift-Dir - straight line, f/p - gnoll
Aim: a gnoll, wielding a +0 spear (61% to hit)
You throw a large rock. The large rock barely misses the gnoll.
The large rock hits the gnoll!
You kill the gnoll!
Sif Muna accepts your kill.
You hear an angry hiss.
A ball python comes into view.
The gnoll hits you with a +0 whip. The gnoll barely misses you.
The gnoll closely misses you.
Throw: 2 large rocks
Press: ? - help, Q - select action, (/) - cycle Shift-Dir - straight line, f - gnoll
Aim: a gnoll, wielding a +0 whip (61% to hit)
You throw a large rock. The large rock barely misses the gnoll.
The ball python hisses angrily.
The gnoll barely misses you. The gnoll hits you with a +0 whip!
The gnoll barely misses you. The gnoll misses you.
Throw: large rock
Press: ? - help, Q - select action, (/) - cycle Shift-Dir - straight line, f/p - gnoll
Aim: a gnoll, wielding a +0 whip (61% to hit)
You throw a large rock. The large rock hits the gnoll!
The gnoll is almost dead.
The gnoll hits you from afar with a +0 halberd.
The gnoll hits you with a +0 whip.
* * * LOW HITPOINT WARNING * * *
The gnoll hits you from afar with a +0 halberd.
* * * LOW HITPOINT WARNING * * *
The gnoll hits you with a +0 whip.
You die...

######## #......#
#......############
##.@g.....(.........
#>.(................
.....#g################
####.#r# # . #S# # ##
#.# #.# #(# #.


You could see 2 gnolls, a quokka and a ball python.

Vanquished Creatures
  Jessica (D:2)
  A gnoll (D:2)
  A dart slug (D:1)
  4 bats
  2 goblins
  6 hobgoblins
  2 jackals (D:1)
  2 quokkas
  3 ball pythons
  3 frilled lizards (D:1)
  2 kobolds (D:1)
  A rat (D:1)
28 creatures vanquished.

Vanquished Creatures (collateral kills)
  An endoplasm (D:1)
1 creature vanquished.

Grand Total: 29 creatures vanquished

Notes
Turn   | Place    | Note
-------+----------+-------------------------------------------
     0 | D:1      | ChickenMitten the Ogre Hunter began the quest for the Orb.
     0 | D:1      | Reached XP level 1. HP: 22/22 MP: 1/1
   136 | D:1      | Reached XP level 2. HP: 25/29 MP: 2/2
   235 | D:1      | Learned a level 1 spell: Summon Small Mammal
   570 | D:1      | Reached XP level 3. HP: 35/37 MP: 0/3
   664 | D:1      | Found a faded altar of an unknown god.
   881 | D:1      | Prayed at the altar of an unknown god.
   881 | D:1      | Became a worshipper of Sif Muna the Loreminder
   881 | D:1      | Reached * piety under Sif Muna
   941 | D:2      | Found a shimmering altar of Xom.
  1032 | D:2      | Noticed Jessica
  1034 | D:2      | Killed Jessica
  1035 | D:2      | Reached skill level 1 in Spellcasting
  1035 | D:2      | Reached skill level 1 in Summonings
  1162 | D:2      | Reached XP level 4. HP: 45/46 MP: 6/6
  1270 | D:2      | Slain by a gnoll

Illustrated notes

Levels and vault maps discovered:
D:1:      dpeg_arrival_stonehenge_8_columns, layout_loops_ring,
          chequers_ecumenical_altar_island
D:2:      layout_basic, basic_altar, serial_shops, nicolae_lakefront_shop,
          minmay_cupped, uniq_jessica

Skill      XL: |  1  2  3 |
---------------+----------+-----
Fighting       | 3 |  3.7
Spellcasting   | 1 |  1.6
Summonings     | 1 |  1.3
Throwing       | |  4.4
Dodging        | |  1.7
Stealth        | |  0.6

Action                   |  1- 3 |  4- 6 || total
-------------------------+-------+-------++-------
Melee: Dagger            |    56 |     2 ||    58
       Short sword       |     2 |       ||     2
       Punch             |     1 |       ||     1
Throw: Large rock        |       |     5 ||     5
 Cast: Summon Small Mamm |     6 |       ||     6
 Stab: Distracted        |     1 |       ||     1
Armor: Robe              |    18 |     1 ||    19
Dodge: Dodged            |    26 |     7 ||    33
